 Dungeon Crawl Stone Soup version 0.27-a0-1280-g9d2d252d84 (webtiles) character file.

Game seed: 2362992924108609946

4214 Glokmah the Covert (level 10, -6/59 HPs)
             Began as a Kobold Artificer on June 12, 2021.
             Was an Initiate of Dithmenos.
             Shot with a sling bullet by Joseph (13 damage)
             ... on level 9 of the Dungeon.
             The game lasted 00:19:53 (10844 turns).

Glokmah the Covert (Kobold Artificer)              Turns: 10844, Time: 00:19:53

Health: -6/59      AC:  7    Str: 12    XL:     10   Next: 54%
Magic:  15/15      EV: 17    Int: 13    God:    Dithmenos [......]
Gold:   415        SH:  0    Dex: 16    Spells: 5/16 levels left

rFire    . . .     SeeInvis .   a - +5 dagger (drain)
rCold    + . .     Faith    .   (shield restricted)
rNeg     . . .     Spirit   .   A - +2 robe {rC+}
rPois    .         Reflect  .   (no helmet)
rElec    .         Harm     .   k - +0 cloak
rCorr    .         Rampage  .   o - +0 pair of gloves
Will     .....                  f - +0 pair of boots
Stlth    +++++.....             (no amulet)
HPRegen  0.19/turn              y - ring of wizardry
MPRegen  0.14/turn              F - ring of flight

@: flying
A: small, no large weapons, nightstalker 3
a: Renounce Religion


You were on level 9 of the Dungeon.
You worshipped Dithmenos.
Dithmenos was noncommittal.
You visited 2 branches of the dungeon, and saw 10 of its levels.

You collected 415 gold pieces.

Inventory:

Hand Weapons
 a - a +5 dagger of draining (weapon)
 b - a +0 hand crossbow
 q - a +1 dagger of protection
 B - a +3 dagger
Missiles
 g - 311 stones (quivered)
 H - 28 bolts
Armour
 f - a +0 pair of boots (worn)
 k - a +0 cloak (worn)
 n - a +1 ring mail of cold resistance
 o - a +0 pair of gloves (worn)
 A - a +2 robe of cold resistance (worn)
Jewellery
 w - a ring of fire
 y - a ring of wizardry (left hand)
 F - a ring of flight (right hand)
Wands
 c - a wand of flame (19)
 d - a wand of charming (31)
 p - a wand of mindburst (3)
 E - a wand of polymorph (8)
Scrolls
 u - 2 scrolls of blinking
 v - a scroll of identify
 z - a scroll of teleportation
 D - a scroll of enchant weapon
Potions
 h - 3 potions of lignification
 i - 2 potions of degeneration
 j - 2 potions of heal wounds {unknown}
 l - a potion of berserk rage {unknown}
 m - 7 potions of curing {unknown}
 r - 2 potions of mutation {unknown}
 s - a potion of magic {unknown}
 C - a potion of flight {unknown}
 G - 4 potions of haste
Miscellaneous
 e - a piece from Xom's chessboard (15/15)


   Skills:
 + Level 5.3 Fighting
 * Level 8.7 Short Blades
 * Level 1.6 Crossbows
 - Level 0.8 Throwing
 + Level 2.4 Armour
 - Level 5.1 Dodging
 * Level 9.3 Stealth
 + Level 3.5 Spellcasting
 * Level 4.4 Hexes
 * Level 5.3 Ice Magic
 - Level 5.0 Evocations


You had 5 spell levels left.
You knew the following spells:

 Your Spells              Type           Power      Damage    Failure   Level
a - Ensorcelled Hibernat  Hex/Ice        30%        N/A       1%          2
b - Frozen Ramparts       Ice            32%        1d5       3%          3
c - Ozocubu's Armour      Ice            16%        N/A       3%          3
d - Confusing Touch       Hex            13%        N/A       4%          3

Your spell library contained the following spells:

 Spells                   Type           Power      Damage    Failure   Level
 Corona                   Hex            14%        N/A       1%          1
 Freeze                   Ice            64%        1d8       1%          1
 Tukima's Dance           Hex            13%        N/A       4%          3
 Dazzling Flash           Conj/Hex       16%        N/A       11%         3
 Poisonous Vapours        Pois/Air       4%         N/A       13%         2
 Conjure Flame            Conj/Fire      2%         6-21      26%         3
 Mephitic Cloud           Conj/Pois/Air  2%         N/A       26%         3
 Hailstorm                Conj/Ice       9%         3d4       28%         4
 Metabolic Englaciation   Hex/Ice        7%         N/A       32%         5
 Freezing Cloud           Conj/Ice/Air   3%         6-21      71%         5


Dungeon Overview and Level Annotations

Branches:
Dungeon (9/15)             Temple (1/1) D:7
   Lair: D:8-11         Orc: D:9-12

Altars:
Ashenzari
Cheibriados
Dithmenos
Elyvilon
Gozag
Hepliaklqana
Kikubaaqudgha
Makhleb
Qazlal
Ru
Uskayaw
Xom
Yredelemnul
Zin
The Shining One

Annotations:
D:9 Joseph


Innate Abilities, Weirdness & Mutations

You are small and have problems with some larger weapons.
You are completely attuned to the shadows.


Message History

The killer bee is severely wounded.
The killer bee closely misses you. x2
You miss the killer bee.
The killer bee is severely wounded.
The killer bee stings you.
You miss the killer bee.
The killer bee is severely wounded.
The killer bee misses you.
You puncture the killer bee!
You kill the killer bee!
Dithmenos accepts your kill.
You see here a killer bee corpse.
Okay, then.
Hit: a) +5 dagger (drain)
Press: ? - help, Dir - move target, f - you
Okay, then.
Aiming: Throw Flame
Press: ? - help, Shift-Dir - straight line, f - gnoll
Aim: a gnoll, wielding a +0 whip (77% to hit)
The puff of flame hits the gnoll!
The gnoll is heavily wounded.
Aiming: Throw Flame
Press: ? - help, Shift-Dir - straight line, f/p - gnoll
Aim: a gnoll, wielding a +0 whip (heavily wounded, 77% to hit)
The puff of flame hits the gnoll!
You kill the gnoll!
Dithmenos accepts your kill.
You start resting.
A two-headed ogre comes into view. It is wielding two +0 giant clubs.
Okay, then.
Found a stone staircase leading up.
Joseph, a Mercenary comes into view.
He is wielding a +1 quarterstaff of speed.
Joseph unwields a +1 quarterstaff of speed.
Joseph wields a +0 hunting sling.
Joseph shoots a sling bullet.
The sling bullet hits you!
Joseph shoots a sling bullet.
The sling bullet hits you!
* * * LOW HITPOINT WARNING * * *
Okay, then.
Joseph shoots a sling bullet.
The sling bullet hits you!
You die...

******,,,,,,,,,,,,,,,.....+....
*,,,,,,,,,,,,,,,,,,,,.....##.)#
****,,,,,,,,,,,,,,,,,,,.....##..#
,,**,,,,,,,,,,,,,,,,...........O.
,,*,,,**,,,*****#@.##...##..##...
,,**,,***+**#####..##...##..##..#
,,**,,**,,,,................##>.#
,,*,,,+,,,,,................#####
,,*,,,*,,,,,....@................
,,*,,,*,,,,,....................#
,,*,,,*,,,,,....................#
,***,,**,,,*##########..##..##..#
,***,,***********,,**#..######..#
,*,,,,*,,,,,*,,,,,,,,,,,,,,,,#...
,*,,,,+,,,,,*,,,,,,,,,,,,,,,,#..#
,+,,,,*,,,,,*,,,,,,,,,,,,,,,*#..#
,*,,,,*,,,,,*,,,,,,,******,,*##+#


You could see Joseph.

Vanquished Creatures
  A two-headed ogre (D:8)
  Pikel (D:7)
  A shadow (D:6)
  2 water moccasins
  2 orc warriors (D:6)
  A black bear (D:6)
  2 ice beasts
  A hornet zombie (D:7)
  3 sky beasts
  3 necrophages
  A centaur (D:6)
  2 ogres
  2 lemures (D:7)
  A phantom (D:5)
  A kobold brigand (D:7)
  4 scorpions
  The ghost of philipeq the Skirmisher, a weakling DsFi (D:3)
  2 killer bees (D:9)
  A howler monkey (D:7)
  3 hounds
  A jelly (D:6)
  A bullfrog skeleton (D:6)
  6 orc priests
  Crazy Yiuf (D:5)
  3 iguanas
  3 orc wizards (D:7)
  A killer bee zombie (D:9)
  A howler monkey zombie (D:5)
  A howler monkey skeleton (D:4)
  6 gnolls
  10 adders
  2 river rats (D:3)
  A shadow imp (D:7)
  6 white imps
  2 ufetubi (D:7)
  2 adder skeletons (D:4)
  A worm (D:4)
  4 dart slugs
  28 orcs
  6 bats
  An endoplasm (D:4)
  4 giant cockroaches
  14 goblins
  9 hobgoblins
  4 jackals
  2 quokkas
  8 ball pythons
  4 frilled lizards
  15 kobolds
  4 rats
186 creatures vanquished.

Vanquished Creatures (collateral kills)
  2 orcs (D:6)
  A ball python (D:3)
3 creatures vanquished.

Vanquished Creatures (others)
  An orc (D:3)
  A plant (D:3)
2 creatures vanquished.

Grand Total: 191 creatures vanquished

Notes
Turn   | Place    | Note
-------+----------+-------------------------------------------
     0 | D:1      | Glokmah the Kobold Artificer began the quest for the Orb.
     0 | D:1      | Reached XP level 1. HP: 12/12 MP: 1/1
    25 | D:1      | Noticed a floating eye
    26 | D:1      | Noticed a shining eye
    30 | D:1      | Found a faded altar of an unknown god.
    33 | D:1      | Noticed a great orb of eyes
    62 | D:1      | Reached XP level 2. HP: 7/16 MP: 2/2
   854 | D:1      | Noticed a floating eye
   914 | D:1      | Reached skill level 2 in Stealth
  1127 | D:1      | Reached XP level 3. HP: 18/20 MP: 3/3
  1574 | D:1      | Reached skill level 1 in Short Blades
  2398 | D:2      | Reached XP level 4. HP: 22/26 MP: 4/4
  3134 | D:2      | Reached XP level 5. HP: 27/30 MP: 5/5
  3837 | D:3      | Reached skill level 3 in Stealth
  3837 | D:3      | Reached skill level 5 in Evocations
  3837 | D:3      | Reached XP level 6. HP: 29/35 MP: 6/6
  3945 | D:3      | Found a runed translucent door.
  3952 | D:3      | Noticed philipeq's ghost (weakling DsFi)
  3983 | D:3      | Killed philipeq's ghost
  4214 | D:3      | Found a runed translucent door.
  4550 | D:4      | Noticed an ogre
  5234 | D:4      | Reached skill level 4 in Stealth
  5288 | D:4      | Killed an ogre
  5289 | D:4      | Reached XP level 7. HP: 38/41 MP: 7/7
  5666 | D:4      | Learned a level 2 spell: Ensorcelled Hibernation
  5914 | D:5      | Entered Level 5 of the Dungeon
  6042 | D:5      | Reached skill level 5 in Short Blades
  6213 | D:5      | Noticed a water moccasin
  6229 | D:5      | Killed a water moccasin
  6230 | D:5      | Reached skill level 5 in Stealth
  6230 | D:5      | Reached skill level 1 in Ice Magic
  6311 | D:5      | Reached XP level 8. HP: 42/46 MP: 7/9
  6318 | D:5      | Reached skill level 1 in Hexes
  6463 | D:5      | Found a runed translucent door.
  6466 | D:5      | Noticed Crazy Yiuf
  6471 | D:5      | Killed Crazy Yiuf
  6472 | D:5      | Reached skill level 1 in Spellcasting
  6842 | D:5      | Reached skill level 6 in Stealth
  7361 | D:6      | Noticed a shadow
  7367 | D:6      | Killed a shadow
  7368 | D:6      | Reached skill level 5 in Dodging
  7380 | D:6      | Reached XP level 9. HP: 52/52 MP: 10/12
  7456 | D:6      | Found a burning altar of Makhleb.
  7485 | D:6      | Reached skill level 1 in Armour
  7580 | D:6      | Reached skill level 7 in Stealth
  8781 | D:7      | Noticed Pikel
  8804 | D:7      | Killed Pikel
  8805 | D:7      | Reached skill level 8 in Stealth
  8805 | D:7      | Reached XP level 10. HP: 33/58 MP: 14/14
  8940 | D:7      | Learned a level 3 spell: Frozen Ramparts
  8944 | D:7      | Learned a level 3 spell: Ozocubu's Armour
  9290 | D:7      | Reached skill level 5 in Fighting
  9542 | D:7      | Reached skill level 5 in Ice Magic
  9819 | D:7      | Found a staircase to the Ecumenical Temple.
  9825 | Temple   | Entered the Ecumenical Temple
  9958 | Temple   | Became a worshipper of Dithmenos the Shadowed
  9974 | D:7      | Learned a level 3 spell: Confusing Touch
 10739 | D:8      | Noticed a two-headed ogre
 10743 | D:8      | Killed a two-headed ogre
 10744 | D:8      | Reached skill level 1 in Crossbows
 10744 | D:8      | Reached skill level 9 in Stealth
 10761 | D:8      | You are sucked into a shaft and drop 1 floor!
 10830 | D:9      | Noticed a two-headed ogre
 10841 | D:9      | Noticed Joseph
 10844 | D:9      | Shot with a sling bullet by Joseph

Illustrated notes

Levels and vault maps discovered:
D:1:      minmay_arrival_four_houses, layout_loops_ring,
          hellmonk_ecumenical_altar_watching_god
D:2:      layout_rooms, grunt_ministairs_3
D:3:      layout_rooms, ebering_ghost_sewer_f, corexii_shack, minivault_25
D:4:      layout_cave_pods, st_stairs_14
D:5:      layout_loops_ring, uniq_crazy_yiuf_cottage
D:6:      layout_cave_pools, kennysheep_mini_moat
D:7:      layout_gridville, minmay_temple_entry_nine_rooms, grunt_ministairs_7,
          uniq_pikel
D:8:      layout_basic, grunt_temple_overflow_bloody_war
D:9:      layout_gridville, led_sif_pool, lemuel_coloured_pillars_altar,
          uniq_joseph
Temple:   nicolae_temple_great_sept

Skill      XL: |  1  2  3  4  5  6  7  8  9 10 |
---------------+-------------------------------+-----
Stealth        | 2 3 4 5 6 8 9 |  9.3
Evocations     | 4 5 |  5.0
Short Blades   | 1 2 3 4 5 6 7 8 |  8.7
Dodging        | 3 4 5 |  5.1
Fighting       | 2 3 4 5 |  5.3
Ice Magic      | 1 3 4 5 |  5.3
Hexes          | 2 3 4 |  4.4
Spellcasting   | 2 3 |  3.5
Armour         | 1 2 |  2.4
Crossbows      | 1 |  1.6
Throwing       | |  0.8

Action                   |  1- 3 |  4- 6 |  7- 9 | 10-12 || total
-------------------------+-------+-------+-------+-------++-------
Melee: Club              |    31 |       |       |       ||    31
       Dagger            |    88 |   275 |   264 |   112 ||   739
Throw: Stone             |    11 |       |     1 |       ||    12
 Cast: Ensorcelled Hiber |       |       |     1 |       ||     1
       Frozen Ramparts   |       |       |       |     1 ||     1
Evoke: Wand              |     6 |    12 |     1 |     2 ||    21
       Piece from Xom's  |     2 |     3 |     3 |       ||     8
  Use: Scroll            |       |     8 |     3 |     2 ||    13
 Stab: Petrified         |    14 |       |       |       ||    14
       Sleeping          |     7 |     6 |    25 |    10 ||    48
       Distracted        |       |       |     1 |       ||     1
Armor: Leather armour    |    19 |       |       |       ||    19
       Ring mail         |     4 |   115 |    51 |       ||   170
       Robe              |       |       |       |    23 ||    23
Dodge: Dodged            |    60 |   211 |   109 |   110 ||   490

Table legend: (Time is in decaauts)
 A = Elapsed time spent in this place.
 B = Non-inter-level travel time spent in this place.
 C = Inter-level travel time spent in this place.
 D = Time resting spent in this place.
 E = Time spent auto-exploring this place.
 F = Levels seen in this place.
 G = Mean time per level.
                   A        B        C        D        E       F      G
               +--------+--------+--------+--------+--------+-----+--------+
         Total |  10706 |   9913 |    793 |   2492 |   5576 |  10 | 1070.6 |
       Dungeon |  10563 |   9779 |    784 |   2492 |   5459 |   9 | 1173.7 |
        Temple |    143 |    134 |      9 |      0 |    117 |   1 |  143.0 |
               +--------+--------+--------+--------+--------+-----+--------+

Top non-repeatable levels by time:
     D:1: 2270 daAuts
     D:7: 1691 daAuts
     D:4: 1387 daAuts
     D:2: 1336 daAuts
     D:5: 1319 daAuts
     D:6: 1192 daAuts
     D:3: 969 daAuts
     D:8: 321 daAuts
  Temple: 143 daAuts
     D:9: 73 daAuts
